Workbook
Name _AFC1: [1]INV!$A$25:$D$28
Name _AFC3: [1]INV!$F$25:$I$28
Name _AFC5: [1]INV!$K$25:$N$28
Name _BGC1: [1]INV!$A$5:$D$8
Name _BGC3: [1]INV!$F$5:$I$8
Name _BGC5: [1]INV!$K$5:$N$8
Name _CAC1: [1]INV!$A$19:$D$22
Name _CAC3: [1]INV!$F$19:$I$22
Name _CAC5: [1]INV!$K$19:$N$22
Name _Cod1: #REF!
Name _Cod1: #REF!
Name _Cod1: #REF!
Name _Cod1: #REF!
Name _MA2: #REF!
Name _MA2: #REF!
Name _MA2: #REF!
Name _MA2: #REF!
Name _Pa1: '[4]Paral. 1'!$E$1:$E$65536
Name _Pa1: '[4]Paral. 1'!$E$1:$E$65536
Name _Pa1: '[4]Paral. 1'!$E$1:$E$65536
Name _Pa1: '[4]Paral. 1'!$E$1:$E$65536
Name _Pa1: '[4]Paral. 1'!$E$1:$E$65536
Name _Pa1: '[5]Paral. 1'!$E$1:$E$65536
Name _Pa2: '[4]Paral. 2'!$E$1:$E$65536
Name _Pa2: '[4]Paral. 2'!$E$1:$E$65536
Name _Pa2: '[4]Paral. 2'!$E$1:$E$65536
Name _Pa2: '[4]Paral. 2'!$E$1:$E$65536
Name _Pa2: '[4]Paral. 2'!$E$1:$E$65536
Name _Pa2: '[5]Paral. 2'!$E$1:$E$65536
Name _Pa3: '[4]Paral. 3'!$E$1:$E$65536
Name _Pa3: '[4]Paral. 3'!$E$1:$E$65536
Name _Pa3: '[4]Paral. 3'!$E$1:$E$65536
Name _Pa3: '[4]Paral. 3'!$E$1:$E$65536
Name _Pa3: '[4]Paral. 3'!$E$1:$E$65536
Name _Pa3: '[5]Paral. 3'!$E$1:$E$65536
Name _Pa4: [4]Paral.4!$E$1:$E$65536
Name _Pa4: [4]Paral.4!$E$1:$E$65536
Name _Pa4: [4]Paral.4!$E$1:$E$65536
Name _Pa4: [4]Paral.4!$E$1:$E$65536
Name _Pa4: [4]Paral.4!$E$1:$E$65536
Name _Pa4: [5]Paral.4!$E$1:$E$65536
Name _SBC1: [1]INV!$A$12:$D$15
Name _SBC3: [1]INV!$F$12:$I$15
Name _SBC5: [1]INV!$K$12:$N$15
Name a: #REF!
Name a: #REF!
Name a: #REF!
Name a: #REF!
Name A_IMPRESIÓN_IM: #REF!
Name A_IMPRESIÓN_IM: #REF!
Name A_IMPRESIÓN_IM: #REF!
Name A_IMPRESIÓN_IM: #REF!
Name aa: #REF!
Name aa: #REF!
Name aa: #REF!
Name aa: #REF!
Name aaa: #REF!
Name aaa: #REF!
Name aaa: #REF!
Name aaa: #REF!

Sheet Formulario 1
A2: SECRETARÍA DE INCLUSIÓN SOCIAL, FAMILIA Y DERECHOS HUMANOS
A3: SELECCIÓN ABREVIADA DE MENOR CUANTÍA
A5: OBJETO: Mantenimiento y Renovación de Obras Civiles, Eléctricas, Voz y Datos en las Sedes de la Secretaría de Inclusión Social, Familia y Derechos Humanos
A7: Formulario No. 1
A8: CONTRATOS EN EJECUCIÓN
A10: CONTRATO NO. (1) | B10: OBJETO DEL CONTRATO | C10: CONTRATANTE | D10: FORMA DE EJECUCIÓN (2) | E10: % DE PARTICIPACION | F10: VALOR COP (3) | G10: PLAZO (MESES) (4) | H10: FECHA INICIO (dd/mm/aaaa) | I10: SUSPENSIONES (5)
I11: FECHA INICIO (dd/mm/aaaa) | J11: FECHA TERMINACIÓN (dd/mm/aaaa)
A22: (1) Contratos de obras civiles en ejecución, incluyendo los suspendidos y aquellos que no tengan acta de inicio. | G22: SI EL PROPONENTE NO TIENE CONTRATOS EN EJECUCIÓN, EN ESTE FORMULARIO DEBE DEJAR CONSTANCIA EXPRESA DE ESA CIRCUNSTANCIA
A23: (2) Indicar si el contrato se ejecuta en forma Individual (I), en Consorcio (C) o Unión Temporal (UT).
A24: (3) Valor total del contrato expresado en moneda legal colombiana.
A25: (4) Plazo total de contrato incluyendo las ampliaciones.
A26: (5) Si el contrato presenta mas de una suspensión deberán informarlas todas, Si a la fecha de cierre del presente proceso en contrato se encuentra suspendido no diligenciar la "Fecha de Terminación".
A29: El formulario debe ser diligenciado en su totalidad. En todo caso la evaluación se efectuara conforme lo dispuesto en el pliego.
A30: Para el caso de proponentes plurales se debe entregar formulario por cada uno de los integrantes
A32: ____________________________________
A33: Nombre del Proponente Individual o Integrante del Consorcio:
A36: ____________________________________ | E36: ____________________________________
A37: Firma representante legal del Oferente | E37: Firma del auditor o revisor fiscal
A38: Nombre: | E38: Nombre:
A39: Cargo: | E39: Cargo:
A40: Documento de Identidad: | E40: Documento de Identidad:

Sheet Formulario 1.1
A2: SECRETARÍA DE INCLUSIÓN SOCIAL, FAMILIA Y DERECHOS HUMANOS
A3: ='Formulario 1'!A3:J3 -> SELECCIÓN ABREVIADA DE MENOR CUANTÍA
A5: ='Formulario 1'!A5:J5 -> OBJETO: Mantenimiento y Renovación de Obras Civiles, Eléctricas, Voz y Datos en las Sedes de la Secretaría de Inclusión Social, Familia y Derechos Humanos
A7: Formulario No. 1.1
A8: EXPERIENCIA DEL PROPONENTE PARA LA Cr
A11: CONTRATO No. (1) | B11: CONTRATANTE | C11: OBJETO DEL CONTRATO | D11: FORMA DE | E11: % DE | F11: VALOR DEL CONTRATO (3)
D12: EJECUCIÓN (2) | E12: PARTICIPACIÓN | F12: EN PESOS | G12: EN SMMLV
E21: TOTAL
A23: (1) Contratos relacionados con la actividad de la construcción - Segmento 72 Clasificador UNSPSC | D23: SALARIO MÍNIMO MENSUAL LEGAL (SMMLV)
D24: Año | E24: Valor | F24: Año | G24: Valor
A25: (2) Indicar si el contrato se ejecuta en forma Individual (I), en Consorcio (C) o Unión Temporal (UT). | D25: 1997 | E25: 172005 | F25: 2010 | G25: 515000
D26: 1998 | E26: 203826 | F26: 2011 | G26: 535600
A27: (3) Valor total del contrato, en Pesos (COP) y SMMLV a la fecha de TERMINACIÓN del contrato | D27: 1999 | E27: 236438 | F27: 2012 | G27: 566700
D28: 2000 | E28: 260106 | F28: 2013 | G28: 589500
D29: 2001 | E29: 286000 | F29: 2014 | G29: 616000
D30: 2002 | E30: 309000 | F30: 2015 | G30: 644350
A31: El formulario debe ser diligenciado en su totalidad. En todo caso la evaluación se efectuara conforme lo dispuesto en el pliego. | D31: 2003 | E31: 332000 | F31: 2016 | G31: 689454
D32: 2004 | E32: 358000 | F32: 2017 | G32: 737717
A33: Para el caso de proponentes plurales se debe entregar formulario por cada uno de los integrantes. | D33: 2005 | E33: 381500 | F33: 2018 | G33: 781242
D34: 2006 | E34: 408000 | F34: 2019 | G34: 828116
D35: 2007 | E35: 433700 | F35: 2020 | G35: 877803
D36: 2008 | E36: 461500 | F36: 2021 | G36: 908526
D37: 2009 | E37: 496900 | F37: 2022 | G37: 1000000
A41: ____________________________________ | D41: ____________________________________
A42: Firma representante legal del Oferente | D42: Firma del auditor o revisor fiscal
A43: Nombre: | D43: Nombre:
A44: Cargo: | D44: Cargo:
A45: Documento de Identidad: | D45: Documento de Identidad:

Sheet Formulario 1.2
A2: SECRETARÍA DE INCLUSIÓN SOCIAL, FAMILIA Y DERECHOS HUMANOS
A3: ='Formulario 1'!A3:J3 -> SELECCIÓN ABREVIADA DE MENOR CUANTÍA
A5: ='Formulario 1'!A5:J5 -> OBJETO: Mantenimiento y Renovación de Obras Civiles, Eléctricas, Voz y Datos en las Sedes de la Secretaría de Inclusión Social, Familia y Derechos Humanos
A7: Formulario No. 1.2
A8: CAPACIDAD TÉCNICA - Cr
A10: No. | B10: Nombre del socio y/o profesional de la arquitectura, ingenieria o geologia | C10: Marcar con una X | E10: Profesión | F10: No. Matricula profecional | G10: Numero y año del contrato laboral o de prestacion de servicios profecionales | H10: Vigencia del Contrato
C11: Socio | D11: Empleado
A20: Para el caso de proponentes plurales se debe entregar formulario por cada uno de los integrantes.
A24: ____________________________________
A25: Nombre del Proponente Individual o Integrante del Consorcio:
A29: ____________________________________ | F29: ____________________________________
A30: Firma representante legal del Oferente | F30: Firma del auditor o revisor fiscal
A31: Nombre: | F31: Nombre:
A32: Cargo: | F32: Cargo:
A33: Documento de Identidad: | F33: Documento de Identidad:

Sheet Formulario 2
A2: SECRETARÍA DE INCLUSIÓN SOCIAL, FAMILIA Y DERECHOS HUMANOS
A4: ='Formulario 1'!A3:J3 -> SELECCIÓN ABREVIADA DE MENOR CUANTÍA
A6: ='Formulario 1'!A5:J5 -> OBJETO: Mantenimiento y Renovación de Obras Civiles, Eléctricas, Voz y Datos en las Sedes de la Secretaría de Inclusión Social, Familia y Derechos Humanos
A8: Formulario No. 2
A9: EXPERIENCIA DEL PROPONENTE
A11: No. Del contrato en el RUP (No. Consecutivo o No. de Orden) (1) | B11: CONTRATO No. (2) | C11: OBJETO DEL CONTRATO | D11: CONTRATANTE | E11: FECHA DE INICIACIÓN (mes - año) | F11: FECHA DE TERMINACIÓN (3) (mes - año) | G11: FORMA DE EJECUCIÓN (4) | H11: VALOR DEL CONTRATO (5) | J11: CLASIFICACIÓN (6) | K11: EXPERIENCIA ESPECÍFICA⁽⁷⁾
H12: EN PESOS (COP) | I12: EN SMMLV
A21: (1) Posición o ubicación del contrato, según el orden en que son relacionados los contratos reportados en el aparte EXPERIENCIA del RUP. | G21: SALARIO MÍNIMO MENSUAL LEGAL (SMMLV)
G22: Año | H22: Valor | I22: Año | J22: Valor
A23: (2) Contratos terminados y registrados en el RUP. | G23: 1997 | H23: 172005 | I23: 2010 | J23: 515000
A24: (3) Fecha de terminación. | G24: 1998 | H24: 203826 | I24: 2011 | J24: 535600
A25: (4) Indicar si el contrato se ejecutó en forma Individual (I), en Consorcio (C) o Unión Temporal (UT). | G25: 1999 | H25: 236438 | I25: 2012 | J25: 566700
A26: (5) Valor total del contrato, en Pesos (COP) y SMMLV a la fecha de TERMINACIÓN del contrato. | G26: 2000 | H26: 260106 | I26: 2013 | J26: 589500
A27: (6) Indicar las clasificaciones del contrato en el RUP según los códigos del Clasificador de Bienes y Servicios de las Naciones Unidas para estandarizar productos y servicios (UNSPSC), DEBE corresponder con las exigidas en el PLIEGO. | G27: 2001 | H27: 286000 | I27: 2014 | J27: 616000
G28: 2002 | H28: 309000 | I28: 2015 | J28: 644350
A29: (7) Indicar con una (X) el contrato por el cual se busca satisfacer la Experiencia Específica solicitada en el Pliego de Condiciones. | G29: 2003 | H29: 332000 | I29: 2016 | J29: 689454
G30: 2004 | H30: 358000 | I30: 2017 | J30: 737717
G31: 2005 | H31: 381500 | I31: 2018 | J31: 781242
A32: El formulario debe ser diligenciado en su totalidad. En todo caso la evaluación se efectuara conforme lo dispuesto en el pliego. | G32: 2006 | H32: 408000 | I32: 2019 | J32: 828116
G33: 2007 | H33: 433700 | I33: 2020 | J33: 877803
A34: Los contratos relacionados deben estar debidamente certificados | G34: 2008 | H34: 461500 | I34: 2021 | J34: 908526
G35: 2009 | H35: 496900 | I35: 2022 | J35: 1000000
A37: ____________________________________________ | E37: ____________________________________________
A38: Nombre del Proponente: | E38: Firma representante legal

Sheet Formulario 3
A2: MUNICIPIO DE MEDELLÍN
A3: SECRETARÍA DE INCLUSIÓN SOCIAL, FAMILIA Y DERECHOS HUMANOS
A7: Formulario No. 3
A8: CANTIDADES DE OBRA Y PRECIOS UNITARIOS
A9: ='Formulario 1'!A3 -> SELECCIÓN ABREVIADA DE MENOR CUANTÍA
A10: ='Formulario 1'!A5 -> OBJETO: Mantenimiento y Renovación de Obras Civiles, Eléctricas, Voz y Datos en las Sedes de la Secretaría de Inclusión Social, Familia y Derechos Humanos
A11: Ubicación: Municipio de Medellín
A12: Plazo: 5 meses
A14: ITEM | B14: DESCRIPCION | C14: UN. | D14: CANT. | E14: VR. UNITARIO | F14: VR. TOTAL
A15: 1,0 | B15: RETIROS Y DEMOLICIONES.
A16: 1,1 | B16: Retiro de sanitarios, lavamanos, lavaderos, orinales, lavaescobas, pocetas. Incluye cargue y botada. | C16: un | D16: 20 | E16: 0 | F16: =+ROUND(D16*E16,0) -> 0
A17: 1,2 | B17: Retiro y reinstalación de sanitarios, lavamanos, lavaderos, orinales, lavaescobas, pocetas. Incluye todos los elementos necesarios para la correcta ejecución de la actividad. | C17: un | D17: 4 | E17: 0 | F17: =+ROUND(D17*E17,0) -> 0
A18: 1,3 | B18: Retiro de puertas de cualquier material y dimensión. | C18: un | D18: 7 | E18: 0 | F18: =+ROUND(D18*E18,0) -> 0
A19: 1,4 | B19: Retiro de marcos de puerta de cualquier material y dimensión. | C19: un | D19: 2 | E19: 0 | F19: =+ROUND(D19*E19,0) -> 0
A20: 1,5 | B20: Retiro y reinstalación de puertas 1 y 2 alas de 0,60mts hasta 2,00mts, material diferente a vidrio. | C20: un | D20: 5 | E20: 0 | F20: =+ROUND(D20*E20,0) -> 0
A21: 1,6 | B21: Retiro y reinstalación de puertas 1 y 2 alas de vidrio, de cualquier dimensión | C21: un | D21: 1 | E21: 0 | F21: =+ROUND(D21*E21,0) -> 0
A22: 1,8 | B22: Desmonte de cubierta. Incluye estructura, teja y materiales en mal estado y/o el retiro del material recuperable. Medido en proyección horizontal. Techo en asbesto cemento | C22: m2 | D22: 440 | E22: 0 | F22: =+ROUND(D22*E22,0) -> 0
A23: 1,9 | B23: Desmonte de cubierta. Incluye estructura, teja y materiales en mal estado y/o el retiro del material recuperable. Medido en proyección horizontal. Techo en teja de barro | C23: m2 | D23: 100 | E23: 0 | F23: =+ROUND(D23*E23,0) -> 0
A24: 1,10 | B24: Desmonte de cubierta. Incluye estructura, teja y materiales en mal estado y/o el retiro del material recuperable. Medido en proyección horizontal. Techo en cañabrava. | C24: m2 | D24: 20 | E24: 0 | F24: =+ROUND(D24*E24,0) -> 0
A25: 1,11 | B25: Desmonte de cubierta. Incluye estructura, teja y materiales en mal estado y/o el retiro del material recuperable. Medido en proyección horizontal. Techo en teja plástica | C25: m2 | D25: 260 | E25: 0 | F25: =+ROUND(D25*E25,0) -> 0
A26: 1,12 | B26: Retiro de teja de barro. Incluye acarreo interno, cargue, transporte, botada y/o bodega. | C26: m2 | D26: 10 | E26: 0 | F26: =+ROUND(D26*E26,0) -> 0
A27: 1,13 | B27: Retiro de cerramiento en madera. | C27: m | D27: 10 | E27: 0 | F27: =+ROUND(D27*E27,0) -> 0
... A78: 1,99 | B78: Limpieza de cubiertas de cualquier material. Incluye canoas y bajantes. | C78: m2 | D78: 100 | E78: 0 | F78: =+ROUND(D78*E78,0) -> 0
A79: 2,0 | B79: MOVIMIENTO DE TIERRA Y EXCAVACIONES
A80: 2,1 | B80: Excavación a mano de 0 a 2 mts de profundidad, en material heterogéneo bajo cualquier grado de humedad, para redes y obras complementarias. Incluye: cargue, transporte y botada desde el sitio de excavación hasta el botadero autorizado. | C80: m3 | D80: 165 | E80: 0 | F80: =+ROUND(D80*E80,0) -> 0
A81: 2,2 | B81: Excavación a mano de 2 a 4 mts de profundidad, en material heterogéneo bajo cualquier grado de humedad, para redes y obras complementarias. Incluye cargue, transporte y botada desde el sitio de excavación hasta el botadero autorizado. | C81: m3 | D81: 15 | E81: 0 | F81: =+ROUND(D81*E81,0) -> 0
A82: 2,8 | B82: Construcción de llenos compactados con arenilla. En brechas apiques y zonas abiertas. | C82: m3 | D82: 10 | E82: 0 | F82: =+ROUND(D82*E82,0) -> 0
A83: 2,11 | B83: Construcción de llenos compactados con material seleccionado proveniente de la excavación en brechas, apiques y zonas abiertas. Incluye transporte local y elementos de protección. | C83: m3 | D83: 45 | E83: 0 | F83: =+ROUND(D83*E83,0) -> 0
A84: 2,15 | B84: Construccion de llenos compactados con material de subbase granular. | C84: m3 | D84: 17 | E84: 0 | F84: =+ROUND(D84*E84,0) -> 0
A85: 2,17 | B85: Cargue y botada de escombros provenientes de demoliciones, explanaciones y excavaciones, medido en sitio compactado. El precio incluye el factor de expansión de material. | C85: m3 | D85: 3 | E85: 0 | F85: =+ROUND(D85*E85,0) -> 0
A86: 2,18 | B86: Suministro, transporte e instalación de geomembrana HDPE 30Mills envuelta en geotextil NT2000 para lleno en subbase granular ancho 0.60m, alto 0.70m. Incluye traslapo en cara superior del lleno. | C86: m | D86: 45 | E86: 0 | F86: =+ROUND(D86*E86,0) -> 0
A87: 3,0 | B87: ACERO/ESTRUCTURA METÁLICA
A88: 3,1 | B88: Construcción y montaje de estructura metálica, en perfilería tipo IPE, HEA, PHR-C, PTE para elementos de cubierta, rampas o áreas de circulación incluye diseño, suministro y transporte de láminas, platinas, uniones, soldaduras de acabado o presentación, anclajes y pernos a estructura de concreto y madera. Todos los elementos deben llevar dos manos de pintura anticorrosiva, dos manos de esmalte base aceite mate, color por definir, ensayos a soldaduras, obra falsa y todo el equipo y la herramienta necesaria para el montaje. | C88: kg | D88: 160 | E88: 0 | F88: =+ROUND(D88*E88,0) -> 0
A89: 3,4 | B89: Suministro, transporte, figuración y colocación de acero para el refuerzo de estructuras en general y demás obras que requieran de este elemento. Fy = 420 Mpa. (4200 kg/cm²). Cantidad menor a 500kg. | C89: kg | D89: 160 | E89: 0 | F89: =+ROUND(D89*E89,0) -> 0
A90: 3,5 | B90: Suministro, transporte, figuración y colocación de acero para el refuerzo de estructuras en general y demás obras que requieran de este elemento. Fy = 420 Mpa. (4200 kg/cm²). Cantidad mayor a 500kg. | C90: kg | D90: 7000 | E90: 0 | F90: =+ROUND(D90*E90,0) -> 0
A91: 3,8 | B91: Suministro, transporte e instalación de malla electrosoldada tipo D 84. | C91: m2 | D91: 20 | E91: 0 | F91: =+ROUND(D91*E91,0) -> 0
A92: 3,13 | B92: Suministro, transporte y colocación de fijación química, sobre elementos de concreto, incluye perforación. Limpieza, y epóxico. No incluye refuerzo. Fijación en 1/2", Broca de 5/8", Prof. 5" | C92: un | D92: 5 | E92: 0 | F92: =+ROUND(D92*E92,0) -> 0
A93: 4,0 | B93: CONCRETOS
A94: 4,1 | B94: Colocación de concreto ciclópeo de 21 Mpa y 40% de piedra con un diámetro entre 4" y 10". Incluye todos los elementos necesarios para el correcto proceso constructivo. Para fundaciones. | C94: m3 | D94: 10 | E94: 0 | F94: =+ROUND(D94*E94,0) -> 0
A95: 4,3 | B95: Suministro y colocación de concreto ciclopeo f' c= 21 Mpa (210 Kg/cm2). Para zapatas y vigas de fundación. | C95: m3 | D95: 10 | E95: 0 | F95: =+ROUND(D95*E95,0) -> 0
A96: 4,21 | B96: Construcción de losa de contrapiso en concreto de 21 Mpa, con espesor de 0,06 m, con acabado llaneado, incluye suministro y transporte de materiales y todo lo necesario para la correcta ejecución de la actividad. | C96: m2 | D96: 20 | E96: 0 | F96: =+ROUND(D96*E96,0) -> 0
A97: 4,26 | B97: Suministro, transporte y construción de mortero con dosificación 1:4 de 0,05 m de espesor, con acabado llaneado, incluye suministro y transporte de materiales y todo lo necesario para su correcta instalación. | C97: m2 | D97: 50 | E97: 0 | F97: =+ROUND(D97*E97,0) -> 0
A98: 4,27 | B98: Construcción de andén en concreto de 21Mpa, espesor de 0.12 m, y llaves de 0.1 x 0.2 m modulado 2.0m x 2.0m. Incluye suministro y transporte de los materiales, malla electrosoldada D-84, juntas inducidas de 5 x 5 mm con cortadora de piso, acabado escobillado pendientado y llaneado, curado, protección hasta la entrega final y todos los demás elementos necesarios para su correcta construcción. | C98: m2 | D98: 305 | E98: 0 | F98: =+ROUND(D98*E98,0) -> 0
A99: 4,28 | B99: Suministro y colocación de concreto a la vista de f'c=21Mpa para elementos estructurales, incluye formaleta metálica, protección y curado de acuerdo con las diferentes dimensiones y elementos constructivos. Todo lo referente a concretos se regirá por lo especificado en las NEGC 501 y 601. | C99: m3 | D99: 16 | E99: 0 | F99: =+ROUND(D99*E99,0) -> 0
A100: 4,30 | B100: En concreto f'c=14MPa (140kg/cm2). Para solados, de espesor 0,05 m. | C100: m2 | D100: 40 | E100: 0 | F100: =+ROUND(D100*E100,0) -> 0
A101: 4,32 | B101: Suministro e instalación de concreto grauting para vaciado en mampostería estructural. | C101: m3 | D101: 6 | E101: 0 | F101: =+ROUND(D101*E101,0) -> 0
A102: 4,36 | B102: Suministro e instalación de lagrimal prefabricado en concreto. Incluye mortero de pega 1:4 para muro de ancho 20 cm. | C102: m | D102: 10 | E102: 0 | F102: =+ROUND(D102*E102,0) -> 0
A103: 4,45 | B103: Construcción de dinteles en concreto de 21 Mpa. Incluye formaleta, protección y curado. No incluye refuerzo. De 0,15x0,20 m. | C103: m | D103: 5 | E103: 0 | F103: =+ROUND(D103*E103,0) -> 0
A104: 4,52 | B104: Construcción de cuneta en "V" en concreto de 21 Mpa. Incluye refuerzo, entresuelo con cascajo sucio, juntas y acabado escobiado o paletiado. Según diseño de OO.PP. Y aprobación por parte de la interventoría. Ancho 0,60m. e= 0,10m. | C104: m | D104: 255 | E104: 0 | F104: =+ROUND(D104*E104,0) -> 0
A105: 4,54 | B105: Construcción de CÁRCAMO LINEAL de 30x40cm en concreto de 21 MPa, con un espesor de 8cm (medidas externas). Incluye suministro, transporte y colocación del concreto, impermeabilizante integral tipo platocrete DM de Sika o su equivalente, tapa en reja metálica en "T" de 0.30 x 1.0 m. con marco removible y reja metálica en "T" fija de 0.30 x 3.0, mariposas de fijación, platinas portantes de 1" x 3/16", platina de amarre 3/4" x 3/16", acabado 4 galvanizado por inmersión en caliente norma NTC 3320, acabado dentado antideslizante de alta seguridad, marco en "L" de 1 1/4" x 3/16"; las rejas deben cumplir además con las siguientes especificaciones, en acero ASTM A-36, deben cumplir las normas NAAMM534-94, soldadura aplicada bajo proceso MIG norma A5.18WS82.0.035", Icontec 2632, ASME SFA5.18 tipo Colrejillas o su equivalente, acero de refuerzo de 3/8" en ambos sentidos, recibidor en ángulo de 1 1/2" x 3/16", material granular(triturado de 1 1/2"), formaleta de primera calidad en super "T" o su equivalente, bordes y todo lo necesario para su correcta construcción. Según especificaciones y dimensiones establecidas el los planos y diseños. La excavación se pagará en su ítem respectivo. | C105: m | D105: 20 | E105: 0 | F105: =+ROUND(D105*E105,0) -> 0
... A109: 4,61 | B109: Suministro y colocación de concreto a la vista de f'c=25Mpa para elementos estructurales, incluye formaleta metálica, protección y curado de acuerdo con las diferentes dimensiones y elementos constructivos. Todo lo referente a concretos se regirá por lo especificado en las NEGC 501 y 601. | C109: m3 | D109: 25 | E109: 0 | F109: =+ROUND(D109*E109,0) -> 0
A110: 5,0 | B110: MAMPOSTERÍA
A111: 5,1 | B111: Construcción de mampostería en ladrillo para revocar una o dos caras, incluye mortero de pega 1:4, trabas, columnas, machones, cuchillas, buitrones (para bajantes de redes en general), remates de enrases, de aristas con esquineros de fábrica, encorozados, áticos y chapas necesarias por detalles de construcción que se ejecuten en el mismo material que se está midiendo. Todos los cortes realizados a máquina. (Según norma Icontec 451, 296 y la ASTM C-652 y C-34). De 10x20x40 cm. e = 10 cm. | C111: m2 | D111: 20 | E111: 0 | F111: =+ROUND(D111*E111,0) -> 0
A112: 5,2 | B112: Construcción de mampostería en ladrillo para revocar una o dos caras, incluye mortero de pega 1:4, trabas, columnas, machones, cuchillas, buitrones (para bajantes de redes en general), remates de enrases, de aristas con esquineros de fábrica, encorozados, áticos y chapas necesarias por detalles de construcción que se ejecuten en el mismo material que se está midiendo. Todos los cortes realizados a máquina. (Según norma Icontec 451, 296 y la ASTM C-652 y C-34). De 15x20x40 cm. e = 15 cm. | C112: m2 | D112: 80 | E112: 0 | F112: =+ROUND(D112*E112,0) -> 0
A113: 5,5 | B113: Construcción de mampostería en bloque de concreto ranurado ambas caras, incluye mortero de pega 1:4, trabas, columnas, machones, cuchillas, buitrones (para bajantes de redes en general), remates de enrases, de aristas con esquineros de fábrica, encorozados, áticos y chapas necesarias por detalles de construcción que se ejecuten en el mismo material que se esta midiendo. Todos los cortes serán realizados a máquina. (Según norma Icontec 247). De 20 x 20 x 40 e= 20 cm. | C113: m2 | D113: 169 | E113: 0 | F113: =+ROUND(D113*E113,0) -> 0
A114: 5,6 | B114: Construcción de mampostería en bloque de concreto ranurado ambas caras, incluye mortero de pega 1:4, trabas, columnas, machones, cuchillas, buitrones (para bajantes de redes en general), remates de enrases, de aristas con esquineros de fábrica, encorozados, áticos y chapas necesarias por detalles de construcción que se ejecuten en el mismo material que se esta midiendo. Todos los cortes serán realizados a máquina. (Según norma Icontec 247). De 15 x 20 x 40 e= 15 cm. | C114: m2 | D114: 56 | E114: 0 | F114: =+ROUND(D114*E114,0) -> 0
A115: 5,18 | B115: Impermeabilización de muro con igol denso de Sika o similar. Incluye preparación de la superficie e igol imprimante. | C115: m2 | D115: 28 | E115: 0 | F115: =+ROUND(D115*E115,0) -> 0
A116: 5,19 | B116: Impermeabilización de muro con igol denso de sika. Incluye igol imprimante y plástico (polietilenonegro calibre 5). | C116: m2 | D116: 4 | E116: 0 | F116: =+ROUND(D116*E116,0) -> 0
A117: 5,20 | B117: Suministro y aplicación de 2 capas de hidrófugo impermeabilizante del tipo Siliconite o equivalente en fachadas de ladrillo, concreto, piedra y/o mortero. Incluye preparación de la superficie. | C117: m2 | D117: 101 | E117: 0 | F117: =+ROUND(D117*E117,0) -> 0
A118: 5,22 | B118: Suministro e instalación de sello de junta vertical entre mampostería y estructura en concreto. Incluye cordón de espuma de polietileno de 1/2" y sismoflex-520 de Corona o equivalente. La profundidad del cordón de simoflex debe ser igual a la mitad del ancho de la junta (Según recomendación del fabricante). | C118: m | D118: 3 | E118: 0 | F118: =+ROUND(D118*E118,0) -> 0
A119: 5,23 | B119: Suministro, transporte y colocación de muros en Drywall con placas en yeso 2 caras con un espesor de aprox. de 9 cm (ancho del perfil más espesor de placa). Incluye estructura metálica para armado y soporte parales separados a 61 cm, perfiles esquineros, placa de drywall de 1/2", cinta en fibra de vidrio de 5 cm, tornillería de 6x1", masilla, acabado en vinilo tipo 1 (acabado tipo 4 segun normas necesarias hasta obtener una superficie pareja y homogénea), y todos los demás elementos necesarios para su correcta instalación y funcionamiento. | C119: m2 | D119: 5 | E119: 0 | F119: =+ROUND(D119*E119,0) -> 0
A120: 5,24 | B120: Suministro, transporte e instalación de placa superboard de 10mm, una cara, incluye lámina, paral, perfiles esquineros, perfilería, masilla y acabado en vinilo tipo 1 y todo lo necesario para su correcta instalación y funcionamiento. | C120: m2 | D120: 10 | E120: 0 | F120: =+ROUND(D120*E120,0) -> 0
A121: 5,25 | B121: Suministro, transporte e instalación de placa superboard de 10mm, doble cara, incluye lámina, paral, perfiles esquineros, perfilería, masilla y acabado en vinilo tipo 1 y todo lo necesario para su correcta instalación y funcionamiento. | C121: m2 | D121: 20 | E121: 0 | F121: =+ROUND(D121*E121,0) -> 0
A122: 5,28 | B122: Sobrecimiento en bloque de concreto, (bloque de primera calidad). Incluye mortero de pega 1:4, relleno en mortero 1:6, fluido e impermeabilización de las caras laterales y superior con igol denso de sika o similar (2 hiladas) y manto de 2mm en la cara superior. De 20x20x40cm e = 0,20 m. | C122: m | D122: 50 | E122: 0 | F122: =+ROUND(D122*E122,0) -> 0
... A127: 5,54 | B127: Suministro y apliación de ácido nítrico e hidrosolve proporción 1:1:5 para lavada de fachadas muros exteriores. | C127: m2 | D127: 25 | E127: 0 | F127: =+ROUND(D127*E127,0) -> 0
A128: 6,0 | B128: INSTALACIONES HIDROSANITARIAS
A129: 6,1 | B129: Construcción de caja de inspección en concreto de 21 Mpa de 0.60x0.60 altura hasta 0.80 m, con concrefibra el piso y tapa en concreto con su respectivo herraje. Incluye suministro, transporte e instalación de los materiales, formaleta, vibrado, acero de refuerzo y todos los elementos necesarios para su correcta construcción y funcionamiento. Según diseño y especificaciones de E.P.M. La excavación, llenos y entresuelo se pagarán en su ítem respectivo. | C129: un | D129: 1 | E129: 0 | F129: =+ROUND(D129*E129,0) -> 0
A130: 6,3 | B130: Suministro, transporte e instalación de tapa herraje para cajas de registro de 60x60cm, en concreto de 21Mpa, con impermeabiIizante integral tipo Sika o equivalente, con concrefibra el piso y tapa en concreto, la tapa con su respectivo herraje. Incluye suministro, transporte e instalación de los materiales, soldadura del herraje al marco existente, los elementos necesarios para su correcta construcción y funcionamiento. Según diseño y especificaciones de E.P.M. | C130: un | D130: 1 | E130: 0 | F130: =+ROUND(D130*E130,0) -> 0
A131: 6,9 | B131: Suministro y colocación de tubería PVC-S para aguas negras. Incluye accesorios, limpiador y soldaduras. Diametro 2". | C131: m | D131: 2 | E131: 0 | F131: =+ROUND(D131*E131,0) -> 0
A132: 6,10 | B132: Suministro y colocación de tubería PVC-S para aguas negras. Incluye accesorios, limpiador y soldaduras. Diametro 3". | C132: m | D132: 35 | E132: 0 | F132: =+ROUND(D132*E132,0) -> 0
A133: 6,11 | B133: Suministro y colocación de tubería PVC-S para aguas negras. Incluye accesorios, limpiador y soldaduras. Diametro 4". | C133: m | D133: 2 | E133: 0 | F133: =+ROUND(D133*E133,0) -> 0
A134: 6,12 | B134: Suministro y colocación de tubería PVC-S para aguas negras. Incluye accesorios, limpiador y soldaduras. Diametro 6". | C134: m | D134: 2 | E134: 0 | F134: =+ROUND(D134*E134,0) -> 0
A135: 6,13 | B135: Suministro, transporte e instalación de tubería de CU TL Ø 1/2". Incluye suministro y transporte de los materiales, accesorios, materiales varios como estopa, pintura de señalización, traba química fuerza alta y media, fundente, soldadura de antimonio, y todo lo necesario para su correcta instalación y funcionamiento. | C135: m | D135: 2 | E135: 0 | F135: =+ROUND(D135*E135,0) -> 0
A136: 6,16 | B136: Reparación de abastos (tubería de acueducto - presión, llaves de corte, de contención y/o de paso) incluye canche, accesorios, escudo, teflón, pega, empaques, obra civil y todos los elementos necesarios para su correcto funcionamiento. Para salidas de Ø = 1/2". | C136: un | D136: 27 | E136: 0 | F136: =+ROUND(D136*E136,0) -> 0
A137: 6,17 | B137: Suministro y colocación abastos para sanitario. Incluye acoples y todos los elementos necesarios para su correcto funcionamiento. | C137: un | D137: 10 | E137: 0 | F137: =+ROUND(D137*E137,0) -> 0
A138: 6,18 | B138: Suministro y colocación abastos para lavamanos. Incluye acoples y todos los elementos necesarios para su correcto funcionamiento. | C138: un | D138: 8 | E138: 0 | F138: =+ROUND(D138*E138,0) -> 0
A139: 6,19 | B139: Suministro e instalación de grifería para mantenimiento de unidades sanitarias, lavamanos, lavaplatos, conjunto grifería sanitaria entrada y salida. | C139: un | D139: 18 | E139: 0 | F139: =+ROUND(D139*E139,0) -> 0
A140: 6,21 | B140: Mantenimiento de sistema de aparatos sanitarios Tipo PUSH (Lavamanos, Sanitarios y Orinal), Marca Grival, TIG y/o Corona, incluye mano de obra para limpieza y lubricacion del sistema. No incluye cambio de repuestos. Incluye todos los elementos necesarios para su correcto funcionamiento. | C140: un | D140: 15 | E140: 0 | F140: =+ROUND(D140*E140,0) -> 0
... A166: 6,59 | B166: Suministro, transporte y riego de triturado limpio de 1" para filtro. | C166: m3 | D166: 5 | E166: 0 | F166: =+ROUND(D166*E166,0) -> 0
A167: 7,0 | B167: APARATOS SANITARIOS Y MUEBLES
A168: 7,1 | B168: Suministro y colocación de sanitario de bajo consumo para personas con movilidad reducida. Incluye brida de fijación, tapón con rosca para brida del color del sanitario, grifería, abasto metálico (con manguera flexible), emboquillado con silicona antihongos y todos los elementos necesarios para su correcta instalación y funcionamiento. | C168: un | D168: 13 | E168: 0 | F168: =+ROUND(D168*E168,0) -> 0
A169: 7,2 | B169: Suministro y colocación de sanitario bajo consumo, a color. Incluye brida de fijación, tapón con rosca para brida del color del sanitario, grifería, abasto metálico (con manguera flexible), emboquillado con silicona antihongos y todos los elementos necesarios para su correcta intalación y funcionamiento. | C169: un | D169: 5 | E169: 0 | F169: =+ROUND(D169*E169,0) -> 0
A170: 7,3 | B170: Suministro y colocación de sanitario blanco Institucional tipo Corona o similar 1,28 gpf/4,8 lpf. Incluye fluxómetro, filtro y todos los accesorios y elementos requeridos para su correcta instalación y funcionamiento. | C170: un | D170: 1 | E170: 0 | F170: =+ROUND(D170*E170,0) -> 0
A171: 7,4 | B171: Suministro y colocación de sanitario pequeño para preescolar. Incluye brida de fijación, tapón con rosca para brida del color del sanitario, grifería, abasto metálico, emboquillado con silicona antihongos y todos los elementos necesarios para su correcta instalación y funcionamiento. | C171: un | D171: 1 | E171: 0 | F171: =+ROUND(D171*E171,0) -> 0
A172: 7,5 | B172: Suministro y colocación de lavamanos para personas con movilidad reducida, color a definir por la interventoría. Incluye soporte de fijación, grifería metálica individual (Marruecos ref. 791110001 o equivalente), llave de abastos y todos los elementos necesarios para su correcta instalación y funcionamiento. | C172: un | D172: 3 | E172: 0 | F172: =+ROUND(D172*E172,0) -> 0
A173: 7,6 | B173: Suministro y colocación de lavamanos integral a color. Incluye pedestal, grifería metálica individual (marruecos ref.791110001 o equivalente), llave de abastos y todos los elementos necesarios para su correcta instalación y funcionamiento. | C173: un | D173: 1 | E173: 0 | F173: =+ROUND(D173*E173,0) -> 0
A174: 7,7 | B174: Suministro y colocación de lavamanos integral a color. Incluye grifería metálica individual (marruecos ref.791110001 o equivalente), llave de abastos y todos los elementos necesarios para su correcta instalación y funcionamiento. | C174: un | D174: 3 | E174: 0 | F174: =+ROUND(D174*E174,0) -> 0
A175: 7,12 | B175: Suministro y colocación de orinal mediano tipo institucional. Incluye grifería orinal tradicional, desagüe sifón y todos los demás elementos necesarios para su correcta instalación y funcionamiento. | C175: un | D175: 2 | E175: 0 | F175: =+ROUND(D175*E175,0) -> 0
A176: 7,13 | B176: Suministro e instalacion de lavatraperos prefabricado en granito con dimensiones 0.5x0.7m. Incluye rejilla sifón y todos los accesorios para su correcto funcionamiento. | C176: un | D176: 1 | E176: 0 | F176: =+ROUND(D176*E176,0) -> 0
A177: 7,16 | B177: Suministro e instalación de mueble inferior de cocina, con manijas metálicas, compartimientos organizadores para almacenamiento, dos puertas abatibles verticales con apertura lenta, color a definir por la interventoría. Material: Mueble en aglomerado 15mm recubierto en canto PVC 0.5mm. Material de las puertas: Tablero aglomerado de 15 mm de espesor. Medidas: Alto:80 cm, Fondo:31.5 cm, y todos los elementos necesarios para su correcta instalación y funcionamiento. | C177: m | D177: 2 | E177: 0 | F177: =+ROUND(D177*E177,0) -> 0
A178: 7,17 | B178: Suministro e instalación de mueble superior de cocina, con manijas metálicas, compartimientos organizadores para alimentos, locero y platero con escurridor metálico y dos puertas abatibles verticales con brazo neumático de apertura lenta, color a definir por la interventoría. Material: Mueble en aglomerado 15mm recubierto en canto PVC 0.5mm. Material de las Puertas: Tablero aglomerado de 15 mm de espesor. Medidas: Alto: 60 cm, Fondo: 31.5 cm. y todos los elementos necesarios para su correcta instalación y funcionamiento. | C178: m | D178: 2 | E178: 0 | F178: =+ROUND(D178*E178,0) -> 0
A179: 7,18 | B179: Mesón en acero inoxidable AISI 304 Calibre 18. de 600 mm de fondo, 860 mm de alto, soportada con patas tubulares. Incluye refuerzos longuitudinales soldados a la superficie en su parte inferior del mismo material y calibre, patas tubulares en acero inoxidable, pin nivelador, entrepaño igualmente fabricado en acero inoxidable y refuerzos soldados del mismo material y calibre, esquineras fijadas al entrepaño y a las patas mecanicamente, uniones en esquinas soldadas y pulidas, salpicadero en los puntos de contacto con la pared, bordes redondeados. Incluye lavaplatos de 500 mm de frente, 450 mm de fondo, 300 mm de profundidad, canastilla de 2", sifón con registro, abastos, acoples, mezclador tipo Grival o similar y todo lo necesario para su correcta instalación y funcionamiento. Longitud de 2.00 mts. | C179: un | D179: 2 | E179: 0 | F179: =+ROUND(D179*E179,0) -> 0
... A194: 7,51 | B194: Suministro y colocación de orinal infantil. Incluye grifería orinal porcelana y desagüe sifón. | C194: un | D194: 1 | E194: 0 | F194: =+ROUND(D194*E194,0) -> 0
A195: 8,0 | B195: PISOS
A196: 8,2 | B196: Suministro y colocación de entresuelo en piedra de e= 15 cms, y recebo en gravilla limpia de 5 cms, nivelada y compactada. | C196: m3 | D196: 2 | E196: 0 | F196: =+ROUND(D196*E196,0) -> 0
A197: 8,4 | B197: Construcción de piso en concreto de 21Mpa, espesor de 0,08 m, modulado 2.0m x 2.0m. Incluye suministro y transporte de los materiales, plastocrete DM de Sika o equivalente, malla electrosoldada D-50, juntas inducidas de 5 x 5 mm con cortadora de piso, sellador elástico de poliuretano tipo Sikaflex 1CSL o equivalente hasta una profundidad de 5mm, limpieza de la junta, cinta de enmascarar de 3/4", acabado liso pendientado y llaneado, curado, protección hasta la entrega final y todos los demás elementos necesarios para su correcta construcción. | C197: m2 | D197: 20 | E197: 0 | F197: =+ROUND(D197*E197,0) -> 0
A198: 8,8 | B198: Construccion de piso en adoquin. Incluye suministro, transporte de adoquin 20x10x8 cms, materiales, base granular, arena de pega, arena de revoque, y todos los demás elementos necesarios para su correcta construcción. | C198: m2 | D198: 20 | E198: 0 | F198: =+ROUND(D198*E198,0) -> 0
A199: 8,9 | B199: Suministro, transporte e instalación de piso en baldosa de grano No.1-2 (color a definir) de 30x30 cm que cumpla con la norma NTC 2849 aprobada por interventoría. Incluye juntas, mortero de pega en concreto de proporciones por volumen 0.3:1:3:2 cal: cemento: arena para concreto: agregado grueso, espesor de 4cm, lechada con cemento vivo gris, polietileno en primer nivel, remates, varilla de dilatación, lechada, destroncada, pulida, brillada en el sitio, protección de muros, puertas y desagües, y todo lo necesario para la correcta ejecución de la actividad. | C199: m2 | D199: 40 | E199: 0 | F199: =+ROUND(D199*E199,0) -> 0
A200: 8,12 | B200: Construcción de guardaescoba en granito pulido No.1, h= 7 cm en mediacaña, incluye mortero de pega 1:4, lechada y remates, pulida y brillada, varilla de dilatación de 3 mm en aluminio y todo lo necesario para su correcta construcción. | C200: m | D200: 50 | E200: 0 | F200: =+ROUND(D200*E200,0) -> 0
A201: 8,21 | B201: Suministro e instalación de pisos en baldosa monocolor de 25 x 25 cm. Incluye mortero de nivelación 1:4, lechada, bordillos y remates en las contrahuellas en cemento esmaltado del mismo color y todos los elementos necesarios para su correcta construcción. | C201: m2 | D201: 25 | E201: 0 | F201: =+ROUND(D201*E201,0) -> 0
...

Sheet Formulario 5
B7: SECRETARÍA DE INCLUSIÓN SOCIAL, FAMILIA Y DERECHOS HUMANOS
B8: ='Formulario 3'!A9 -> SELECCIÓN ABREVIADA DE MENOR CUANTÍA
B10: ='Formulario 3'!A10 -> OBJETO: Mantenimiento y Renovación de Obras Civiles, Eléctricas, Voz y Datos en las Sedes de la Secretaría de Inclusión Social, Familia y Derechos Humanos
B13: Formulario No. 5
B14: ANÁLISIS DE PRECIOS UNITARIOS
B16: PROYECTO:
B18: DESCRIPCION DEL ÍTEM: | F18: ITEM:
F19: UNIDAD:
B21: I. EQUIPO
B22: Descripción | D22: Tipo | E22: Tarifa/Hora | F22: Rendimiento | G22: Valor Unit.
F27: Sub-Total
B28: II. MATERIALES EN OBRA
B29: Descripción | D29: Unidad | E29: Precio Unit. | F29: Cantidad | G29: Valor Unit.
F34: Sub-Total
B35: III. TRANSPORTES
B36: Material | C36: Vol., peso o cant. | D36: Distancia | E36: m3-km | F36: Tarifa | G36: Valor Unit.
F40: Sub-Total
B41: IV. MANO DE OBRA
B42: Trabajador | D42: Jornal | E42: Prestaciones | F42: Rendimiento | G42: Valor Unit.
F47: Sub-Total
E49: Total Costo Directo
B50: V. COSTOS INDIRECTOS
B51: Descripción | F51: Porcentaje | G51: Valor Total
B52: ADMINISTRACION
B53: UTILIDAD
F54: Sub-Total
C56: PRECIO UNITARIO TOTAL (aproximado al peso)

Sheet Formulario 6
B2: ='Formulario 5'!B10 -> OBJETO: Mantenimiento y Renovación de Obras Civiles, Eléctricas, Voz y Datos en las Sedes de la Secretaría de Inclusión Social, Familia y Derechos Humanos
B3: ='Formulario 5'!B8 -> SELECCIÓN ABREVIADA DE MENOR CUANTÍA
B4: FORMULARIO No. 6
B5: CALCULO DEL A.I.U
B7: =+'[22]Paso 1'!B20:J20 -> Recurso Humano | C7: Cantidad | D7: Dedicación | E7: Salario o valor | F7: F.P | G7: Plazo | H7: Vr. Total
B8: Residente Ingeniero Civil, Arquitecto o afín | C8: 1 | D8: 1 | G8: 5 | H8: =C8*D8*E8*F8*G8 -> 0
B9: Residente Ingeniero Electricista | C9: 1 | D9: 1 | G9: 5 | H9: =C9*D9*E9*F9*G9 -> 0
B10: Tecnólogo Residente en Seguridad y Salud en el Trabajo – SST Tecnólogo SST | C10: 1 | D10: 1 | G10: 5 | H10: =C10*D10*E10*F10*G10 -> 0
B11: Tecnólogo ambiental Tecnólogo Ambiental | C11: 1 | D11: 1 | G11: 5 | H11: =C11*D11*E11*F11*G11 -> 0
B13: =+IF('[22]Paso 1'!B43="","",'[22]Paso 1'!B43&" "&'[22]Paso 1'!C43) -> 0 0
B14: =+'[22]Paso 1'!B48:J48 -> Otros gastos de Administración
B15: Transporte para profesionales sedes externas | C15: 4 | D15: mes | G15: 5 | H15: =C15*E15*G15 -> 0
B16: Auxilio por celulares - equipo y consumo- Comunicaciones profesionales | C16: 4 | D16: mes | G16: 5 | H16: =C16*E16*G16 -> 0
B17: =+IF('[22]Paso 1'!B70="","",'[22]Paso 1'!B70&" "&'[22]Paso 1'!C70) -> 0 0
B18: Impuestos
B19: Gravamen a los movimientos Financieros -GMF- Art. 115 ET Deducible 50% | C19: 0.002 | H19: =C19*$H$36 -> 18802.264
B20: Estampilla Procultura - Capítulo XVIII Acuerdo 066/2017 | C20: 0.005 | H20: =C20*$H$36 -> 47005.66
B21: Estampilla Adulto Mayor - Capítulo XIX Acuerdo 066/2017 | C21: 0.02 | H21: =C21*$H$36 -> 188022.64
B22: Estampilla U de A - Capítulo XX Acuerdo 066/2017 | C22: 0.01 | H22: =C22*$H$36 -> 94011.32
B23: Pro Deporte y Recreación | C23: 0.013 | H23: =C23*$H$36 -> 122214.72
B24: Contribución Especial Artículo 11 del Decreto 399 de 2011 y el inciso 2 del artículo 6 de la Ley 1106 de 2006. | C24: 0.05 | H24: =C24*$H$36 -> 470056.6
B25: Subtotal costos Administración | H25: =+SUM(H8:H24) -> 940113.2
B26: Costo directo de obra
B27: Porcentaje Administración | G27: =IFERROR(ROUND(H25/H26,4),"") | H27: =IFERROR(ROUND($H$26*G27,0),"")
B28: Imprevistos | H28: =IFERROR(ROUND($H$26*G28,0),"") -> 0
B29: Utilidad | H29: =IFERROR(ROUND($H$26*G29,0),"") -> 0
B30: SUBTOTAL A.I.U | G30: =SUM(G27:G29) -> 0 | H30: =ROUND(G30*H26,0) -> 0
B31: Otros costos indirectos
B32: Legalización Contrato
B33: Pólizas - Gasto fijo comprobable- | H33: 4816751
B34: Impacto Comunitario
B35: Inversión Ambiental - Socioambiental - Valor fijo- | H35: 4584381
B36: TOTAL COSTO DE OBRA | H36: =H26+H30+H33+H35 -> 9401132
B38: Nota 1: El valor definido por la Entidad por concepto de pólizas es un valor estimado que será un gasto reembolsable demostrable, la entidad reconocerá al contratista el valor real efectivamente causado por este concepto (Gasto Reembolsable), para el efecto, el contratista deberá presentar los documentos que soporten el valor facturado por las garantías. En todo caso, el valor ofertado no podrá ser superior al valor presupuestado por la Entidad. Nota 2: El valor total presupuestado por la entidad por concepto de "Inversión Ambiental - Social - Implementación PMT - Bioseguridad" reflejada en sus respectivos anexos, es un valor estimado que será un gasto reembolsable demostrable. Lo anterior, con la finalidad de ser ejecutados en la proporción requerida y durante los tiempos en que se presenten las necesidades que cada uno de ellos busca satisfacer. Dichas actividades serán reconocidas a cargo de reembolso de gastos. En todo caso, el valor ofertado no podrá ser superior al valor presupuestado por la Entidad.
B44: Elaboró: | C44: Revisó:

Sheet Formulario 7
A2: SECRETARÍA DE INCLUSIÓN SOCIAL, FAMILIA Y DERECHOS HUMANOS
A3: ='Formulario 6'!B2 -> OBJETO: Mantenimiento y Renovación de Obras Civiles, Eléctricas, Voz y Datos en las Sedes de la Secretaría de Inclusión Social, Familia y Derechos Humanos
A4: ='Formulario 6'!B3 -> SELECCIÓN ABREVIADA DE MENOR CUANTÍA
A5: INVERSIÓN AMBIENTAL
A7: GESTIÓN AMBIENTAL
A8: Manejo de Residuos Sólidos
A9: Canecas de 5 galones (para ubicar en campamentos y distribuidos en frentes de obra) | B9: un | E9: =ROUNDUP((C9*D9),0) -> 0
A10: Almacenamiento adecuado de materiales de construcción
A11: Teleras 1,20 x 0,70 m | B11: un | E11: =ROUNDUP((C11*D11),0) -> 0
A12: Plástico Negro, calibre 4 y ancho de 2 m. | B12: rollo | E12: =ROUNDUP((C12*D12),0) -> 0
A13: Control de emisones atmosféricas
A14: Manguera para agua para tráfico pesado (200PSI) de 20mts de longitud | B14: m | E14: =ROUNDUP((C14*D14),0) -> 0
A15: Manejo del Recurso Hídrico
A16: Malla tipo polisombra color azúl para cerramiento (Ancho 4 mts) | B16: m | E16: =ROUNDUP((C16*D16),0) -> 0
A17: Estacón de madera común para soporte de cerramiento | B17: Un | E17: =ROUNDUP((C17*D17),0) -> 0
A18: Tela para cerramiento verde - Sarán (Rollo por 100 m, ancho de 2,10 m) | B18: m2 | E18: =ROUNDUP((C18*D18),0) -> 0
A19: Señalización vial y desvios
A20: Señales informativas según manual de señalización vial, 0,60 x 1,20 m móvil* | B20: un | E20: =ROUNDUP((C20*D20),0) -> 0
A21: SEGURIDAD INDUSTRIAL Y SALUD OCUPACIONAL
A22: Ubicación y dotación de campamentos
A23: Camilla rigida en madera 180 mts x 0.45 mts* | B23: un | E23: =ROUNDUP((C23*D23),0) -> 0
A24: Extintor ABC Capacidad 10 LB | B24: un | E24: =ROUNDUP((C24*D24),0) -> 0
A25: Botiquín cruz roja de primeros auxilios ref 120 caja metalica* | B25: un | E25: =ROUNDUP((C25*D25),0) -> 0
A26: Demarcación del área de trabajos
A27: Cinta Señalización PeligroAncho 7,5 cm, longitud 50 m) | B27: rollo | E27: =ROUNDUP((C27*D27),0) -> 0
A28: Transporte de personal, Materiales y Equipos
A29: Lona para vehículo (volqueta o camión) de 1,50 x 0,80 m, impresión injekt resistente a la intemperie | B29: un | E29: =ROUNDUP((C29*D29),0) -> 0
A30: Elementos de Protección Identificación
A31: Chalecos para residente | B31: Un | E31: =ROUNDUP((C31*D31),0) -> 0
A32: cascos y elementos de proteccion | B32: Un | E32: =ROUNDUP((C32*D32),0) -> 0
A33: Elementos de protección Kit Alturas | B33: Un | E33: =ROUNDUP((C33*D33),0) -> 0
A34: IMPLEMENTACIÓN PROTOCOLO DE BIOSEGURIDAD
A35: Adecuación de espacios físicos
A36: Señalización intena y externa, Cartelera informativa COVID-19 | B36: un | E36: =ROUNDUP((C36*D36),0) -> 0
A37: Desinfección
A38: Alcohol antiséptico al 70 % | B38: Galón | E38: =ROUNDUP((C38*D38),0) -> 0
A39: Jabón antibacterial liquido solo para lavado de manos | B39: Galón | E39: =ROUNDUP((C39*D39),0) -> 0
A40: Gel antibacterial en puntos fijos para higiene de manos al 70% | B40: Galón | E40: =ROUNDUP((C40*D40),0) -> 0
A41: Toallas desechables | B41: un | E41: =ROUNDUP((C41*D41),0) -> 0
A42: Detergente en polvo (limpieza de superficies de madera, baños, vestier, duchas, comedor, maquinaria, equipos, cuadrilla de aseo y desinfección) | B42: kg | E42: =ROUNDUP((C42*D42),0) -> 0
A43: kit de aseo, incluye: escobas, trapeadoras, esponjas y cepillo | B43: un | E43: =ROUNDUP((C43*D43),0) -> 0
A44: Dotación Elementos de Protección Personal
A45: Tapabocas de tela antifluido (para todo el personal en obra) | B45: un | E45: =ROUNDUP((C45*D45),0) -> 0
A46: Total Aplicación Guía Socioambiental | E46: =SUM(E7:E45) -> 0
A48: Nota
A49: 1. Dentro del Factor Prestacional debe incluirse la dotación contemplada por la ley y los elementos de Protección Personal -EPP según la naturaleza del riesgo al que este sometido el trabajador.
A51: 2. *Implementos nuevos no reintegrables, se reconocera un porcentaje de su valor comercial.
A52: 3. El personal socioambiental esta cargado dentro del personal administrativo de la obra.
A53: 4. El personal que conforma la brigada ambiental esta cargado dentro del personal administrativo de la obra y se encarga de las labores de aseo, orden y limpieza y las de abanderado cuando la situación asi lo exija.
A55: 5. Los costos en que incurra el contratista por el manejo socioambiental del proyecto deberán incluirse en los costos indirectos de administración del contrato, el proponente deberá diligenciar este formulario teniendo en cuenta que el CONTENIDO MINIMO del mismo será el correspondiente al formato oficial, so pena del rechazo de su propuesta, no obstante, el oferente según el análisis del proceso constructivo podrá aumentar las cantidades sin que obtenga pago adicional por ello. El hecho de que el contratista no estipule en el A.U., el valor de la gestión ambiental representado en el ítem Aplicación de la Guía Socioambiental, no lo exime del cumplimiento de la legislación ambiental vigente que le sea aplicable y no podrá solicitar pago adicional alguno por este concepto, pues todo quedará cubierto con lo que cotizó en los costos indirectos.
A65: Elaboró: | B65: Revisó:

Sheet Formulario 8
A8: ='Formulario 7'!A2 -> SECRETARÍA DE INCLUSIÓN SOCIAL, FAMILIA Y DERECHOS HUMANOS
A9: ='Formulario 7'!A4 -> SELECCIÓN ABREVIADA DE MENOR CUANTÍA
A11: ='Formulario 7'!A3 -> OBJETO: Mantenimiento y Renovación de Obras Civiles, Eléctricas, Voz y Datos en las Sedes de la Secretaría de Inclusión Social, Familia y Derechos Humanos
A14: Formulario No. 8
A15: INFORMACIÓN FINANCIERA EXTRANJEROS
A17: INFORMACIÓN FINANCIERA CON LA ÚLTIMA FECHA DE CORTE DEL PAÍS CORRESPONDIENTE
A19: Oferente:
A21: Resumen de cuentas de Balance General y Estado de Resultados que sean necesarias para verificar los requisitos habilitantes de capacidad financiera y organizacional
B23: Oferente singular | C23: Consorcio o Unión Temporal
A24: Cuenta | B24: (Valores en pesos colombianos) | C24: Integrante N.1 (Valores en pesos colombianos) | D24: Integrante N.2 (Valores en pesos colombianos) | E24: Integrante N.3 (Valores en pesos colombianos)
A25: BALANCE GENERAL
A26: Efectivo
A27: Activo Corriente
A28: Activo Total
A29: Pasivo Corriente
A30: Pasivo Total
A31: Patrimonio
A32: ESTADO DE RESULTADOS
A33: Utilidad Operacional
A34: Gastos de Intereses
A35: Mayor ingreso operacional en los últimos cinco (5) años anteriores a la fecha de corte
A40: ________________________________ | D40: ________________________________
A41: FIRMA REPRESENTANTE LEGAL | D41: FIRMA REVISOR FISCAL
D42: T.P
A44: ________________________________
A45: FIRMA CONTADOR
A46: T.P
A47: ________________________________
A48: FIRMA CONTADOR
A49: T.P

Sheet Formulario 9
A2: SECRETARÍA DE INCLUSIÓN SOCIAL, FAMILIA Y DERECHOS HUMANOS
A3: ='Formulario 1'!A3:J3 -> SELECCIÓN ABREVIADA DE MENOR CUANTÍA
A5: ='Formulario 1'!A5:J5 -> OBJETO: Mantenimiento y Renovación de Obras Civiles, Eléctricas, Voz y Datos en las Sedes de la Secretaría de Inclusión Social, Familia y Derechos Humanos
A7: Formulario No. 9
A8: FACTOR PRESTACIONAL
A10: 1 | B10: SALARIO BÁSICO | C10: 1
A12: 2 | B12: Prestaciones Sociales
A13: 2.1 | B13: Prima Anual | C13: 0.0833
A14: 2.2 | B14: Cesantías anual | C14: 0.0833
A15: 2.3 | B15: Interés a las cesantías | C15: 0.01
A16: 2.4 | B16: Vacaciones | C16: 0.04167
A17: 2.5 | B17: Salud
A18: 2.6 | B18: Pension | C18: 0.12
A19: 2.7 | B19: Subsidio familiar | C19: 0.04
A20: 2.8 | B20: SENA
A21: 2.9 | B21: ICBF
A22: 2.10 | B22: ARL | C22: 0.0696
A23: 2.11 | B23: Otras Prestaciones (se deben indicar claramente cuales son y para la etapa de ejecución aportar los respectivos certificados del pago de las misma)
B24: Subtotal 2 - Prestaciones Sociales | C24: =SUM(C12:C23) -> 0.44787
B26: FACTOR PRESTACIONAL | C26: =C10+C24 -> 1.44787
A29: Diligenciarlos los item 2.5, 2.8 y 2.9 de acuerdo con la característica tributaria, respecto de SI es Responsable o No de los Parafiscales de SENA, ICBF y de SALUD.
A31: El factor prestacional indicado debe ser el mismo utilizado en el calculo del AIU - Formulario 6
A36: Nombre del Proponente: | C36: Firma representante legal

Sheet Formulario 10
B2: SECRETARÍA DE INCLUSIÓN SOCIAL, FAMILIA Y DERECHOS HUMANOS
B4: ='Formulario 9'!A3 -> SELECCIÓN ABREVIADA DE MENOR CUANTÍA
B5: ='Formulario 9'!A5 -> OBJETO: Mantenimiento y Renovación de Obras Civiles, Eléctricas, Voz y Datos en las Sedes de la Secretaría de Inclusión Social, Familia y Derechos Humanos
B6: FORMULARIO No.10
B7: CONSTANCIA DE COMPROMISO PERSONAL
B9: Nombre :
B10: Cédula:
B11: Cargo:
B12: Título Universitario:
B13: No.Tarjeta Profesional
B14: Fecha Expedición Tarjeta Profesional
B15: Postgrados
B16: Teléfono:
B17: Email:
B18: EXPERIENCIA MÍNIMA Y ADICIONAL 1. Relacionar los contratos o proyectos con los que acredita el cumplimiento de los requisitos establecidos en el pliego de condiciones para la evaluación de la experiencia. 2. Se deben relacionar máximo, el número de contratos establecidos en el pliego de condiciones para la acreditación de la experiencia mínima establecida en el requisito de Experiencia y Formación del Equipo de Trabajo y para la acreditación de la experiencia solicitada en el criterio de evaluación Experiencia específica del Residente de obra para la asignación de puntaje del profesional, no se tendrán en cuenta los contratos que excedan el número máximo de contratos permitidos y, la evaluación se realizará teniendo en cuenta el estricto orden en el que son relacionados en el presente Formulario.
B19: No. | C19: ENTIDAD CONTRATANTE | D19: ENTIDAD CONTRATISTA | E19: CONTRATO O PROYECTO
B23: EXPERIENCIA PUNTUABLE
B27: Está comprometido en un contrato adjudicado o en ejecución, suscrito con la Secretaría de Inclusión Social del Municipio de Medellín, cuya fecha de terminación es posterior a la fecha de cierre del presente proceso? SI____, NO___
B28: Con la suscripción del presente documento, me comprometo a prestar mis servicios en el cargo arriba indicado, al proponente:_________________________ , Dentro del proceso de contratación N°_______ de ___________ cuyo objeto es ___________________________________
B29: Así mismo autorizo al proponente a presentar y utilizar mi hoja de vida en este proceso.
B32: FIRMA
B33: CEDULA
B35: *Si para diligenciar este documento requiere varias hojas por favor firmar todas.
